 Seeded DCSS version 0.29.1-12-g30fa7ad0bf (webtiles) character file.

Game seed: 1 (custom seed)

111134 Kazon the Carver (level 16, -9/130 HPs)
             Began as a Demonspawn Gladiator on Dec 16, 2022.
             Was the Champion of Okawaru.
             Mangled by a wolf spider simulacrum (18 damage)
             ... on level 4 of the Spider Nest on Dec 19, 2022.
             The game lasted 01:48:34 (18595 turns).

Kazon the Carver (Demonspawn Gladiator)            Turns: 18595, Time: 01:48:34

Health: -9/130     AC: 41    Str: 21    XL:     16   Next: 8%
Magic:  34/34      EV: 12    Int: 15    God:    Okawaru [******]
Gold:   686        SH: 10    Dex: 19    Spells: 15/15 levels left

rFire   + + +      SeeInvis +   f - +6 Maxwell's thermic engine {flame, freeze}
rCold   . . .      Faith    .   c - +2 buckler
rNeg    + + .      Spirit   .   W - +8 plate armour of Hide-and-Seek {rN+ MP+9 Str-3 Int+4}
rPois   +          Reflect  .   D - +0 helmet
rElec   .          Harm     .   t - +1 cloak of Magh {+Blink Regen+ Dex-3 SInv}
rCorr   .          Rampage  .   e - +1 pair of gloves of Ibuawux {rN+ Will+ Str+4}
Will    ++...                   m - +2 pair of boots
Stlth   +.........              V - amulet "Odemouw" {Contam rPois rF+++ Regen+ Stlth+}
HPRegen 6.91/turn               q - +4 ring of protection
MPRegen 0.24/turn               x - +6 ring of dexterity

@: heroic, slowed, very slow
A: claws 2, yellow scales 2, powered by death 2, spiny 2
a: Renounce Religion, Evoke Blink, Heroism, Finesse, Duel


You were on level 4 of the Spider Nest.
You worshipped Okawaru.
Okawaru was exalted by your worship.
You visited 4 branches of the dungeon, and saw 23 of its levels.

You collected 1741 gold pieces.
You spent 1055 gold pieces at shops.

Inventory:

Hand Weapons
 f - the +6 Maxwell's thermic engine (weapon) {flame, freeze}
   (You found it on level 1 of the Lair of Beasts)

   It burns those it strikes, dealing additional fire damage.
   Big, fiery blades are also staple armaments of hydra-hunters.
   It freezes those it strikes, dealing additional cold damage.
   It can also slow down cold-blooded creatures.
   It becomes more effective when it hits something.
   This effect fades over time.
 g - the +8 demon blade of the Ageing Genius {drain, rCorr}
   (You acquired it on level 1 of the Spider Nest)

   A truly terrible weapon, it drains the life of any living foe it strikes.
   rCorr:     It protects you from acid and corrosion.
 v - the +3 falchion of Winter {venom, rCorr}
   (You bought it in a shop on level 3 of the Dungeon)

   It poisons the flesh of those it strikes.
   rCorr:     It protects you from acid and corrosion.
Missiles
 d - 3 throwing nets
 j - 4 datura-tipped darts (quivered)
 s - 20 boomerangs
 H - 3 curare-tipped darts
 I - 37 poisoned darts
Armour
 c - a +2 buckler (worn)
 e - the +1 pair of gloves of Ibuawux (worn) {rN+ Will+ Str+4}
   (Okawaru gifted it to you on level 3 of the Lair of Beasts)

   Str:       It affects your strength (+4).
   rN:        It protects you from negative energy.
   Will:      It increases your willpower.
 m - a +2 pair of boots (worn)
 t - the +1 cloak of Magh (worn) {+Blink Regen+ Dex-3 SInv}
   (You acquired it on level 1 of the Dungeon)

   Dex:       It affects your dexterity (-3).
   SInv:      It lets you see invisible.
   +Blink:    It lets you blink.
   Regen:     It increases your rate of health regeneration.
 D - a +0 helmet (worn)
 W - the +8 plate armour of Hide-and-Seek (worn) {rN+ MP+9 Str-3 Int+4}
   (Okawaru gifted it to you on level 1 of the Lair of Beasts)

   Str:       It affects your strength (-3).
   Int:       It affects your intelligence (+4).
   rN:        It protects you from negative energy.
   MP:        It affects your magic capacity (+9).
Jewellery
 l - a ring of protection from cold
 q - a +4 ring of protection (left hand)
 x - a +6 ring of dexterity (right hand)
 Q - a ring of protection from cold
 V - the amulet "Odemouw" (around neck) {Contam rPois rF+++ Regen+ Stlth+}
   (You bought it in a shop on level 8 of the Dungeon)

   [amulet of regeneration]

   rF:        It renders you almost immune to fire.
   rPois:     It protects you from poison.
   Contam:    It causes magical contamination when unequipped.
   Regen:     It increases your rate of health regeneration.
   Stlth:     It makes you more stealthy.
Wands
 z - a wand of mindburst (21)
 B - a wand of roots (11)
 E - a wand of flame (33)
 K - a wand of paralysis (23)
 T - a wand of polymorph (11)
Scrolls
 i - 3 scrolls of identify
 k - 2 scrolls of brand weapon {unknown}
 n - 3 scrolls of fog
 p - 3 scrolls of poison {unknown}
 u - 6 scrolls of teleportation
 w - 2 scrolls of magic mapping {unknown}
 y - 4 scrolls of immolation
 A - 4 scrolls of enchant weapon {unknown}
 F - 2 scrolls of enchant armour
 J - 3 scrolls of fear
 X - 2 scrolls of silence
Potions
 a - 2 potions of ambrosia
 b - 5 potions of berserk rage
 h - 4 potions of haste
 o - 11 potions of lignification
 r - 4 potions of flight
 G - 3 potions of cancellation
 L - 8 potions of curing
 M - 4 potions of might
 R - 2 potions of heal wounds
 U - 2 potions of invisibility
 Z - a potion of resistance
Miscellaneous
 C - a phial of floods
 P - a condenser vane
 S - a lightning rod (4/4)


   Skills:
 * Level 13.1(18.1) Fighting
 + Level 3.4(14.6) Short Blades
 + Level 13.8(19.0) Long Blades
 + Level 8.6(13.6) Throwing
 + Level 7.8(12.8) Armour
 + Level 6.6(11.6) Dodging
 + Level 5.4(10.4) Stealth
 + Level 7.0(12.0) Shields
 + Level 12.6 Invocations
 + Level 10.9 Evocations


You had 15 spell levels left.
You didn't know any spells.
Your spell library contained the following spells:

 Spells                   Type           Power      Damage    Failure   Level
 Apportation              Tloc           0%         N/A       98%         1
 Magic Dart               Conj           0%         1d3       98%         1
 Necrotise                Necr           0%         1d4       98%         1
 Sting                    Tmut/Pois      0%         1d3       98%         1
 Poisonous Vapours        Pois/Air       0%         N/A       99%         2
 Dazzling Flash           Conj/Hex       0%         N/A       100%        3
 Mephitic Cloud           Conj/Pois/Air  0%         N/A       100%        3
 Ozocubu's Armour         Ice            0%         N/A       100%        3
 Iskenderun's Mystic Bla  Conj/Tloc      0%         2d3       100%        4
 Olgreb's Toxic Radiance  Pois           0%         N/A       100%        4
 Blade Hands              Tmut           0%         N/A       100%        5
 Fireball                 Conj/Fire      0%         3d3       100%        5
 Iskenderun's Battlesphe  Conj           0%         2d6       100%        5
 Metabolic Englaciation   Hex/Ice        0%         N/A       100%        5
 Conjure Ball Lightning   Conj/Air       0%         3x3d6     100%        6
 Iron Shot                Conj/Erth      0%         9d1       100%        6
 Starburst                Conj/Fire      0%         6d3       100%        6
 Orb of Destruction       Conj           0%         9d5       100%        7
 Ozocubu's Refrigeration  Ice            0%         4d7       100%        7
 Summon Small Mammal      Summ           Unusable   N/A       N/A         1
 Call Imp                 Summ           Unusable   N/A       N/A         2
 Animate Armour           Summ/Erth      Unusable   N/A       N/A         4
 Simulacrum               Ice/Necr       Unusable   N/A       N/A         6

Dungeon Overview and Level Annotations

Branches:
Dungeon (13/15)            Temple (1/1) D:7            Lair (5/5) D:10
 Shoals (0/4) Lair:3       Spider (4/4) Lair:3        Slime (0/5) Lair:4
    Orc (0/2) D:12         Vaults (0/5) D:13

Altars:
Ashenzari
Dithmenos
Gozag
Hepliaklqana
Kikubaaqudgha
Makhleb
Nemelex Xobeh
Okawaru
Uskayaw
Xom
Jiyva

Shops:
D:3 (   D:8 ?(==   D:10 :   D:13 !


Innate Abilities, Weirdness & Mutations

You have very sharp fingernails.
You are mostly covered in yellow scales. (AC +3)
You regenerate health from kills.
You are mostly covered in sharp spines.


Message History

The spark wasp is heavily wounded.
The spark wasp stings you! The spark wasp shocks you!
The jumping spider pounces on the torpor snail!
The torpor snail dies!
The culicivora simulacrum bites you. The culicivora simulacrum freezes you!
A steelbarb worm comes into view.
You block the culicivora's attack.
The jumping spider's many legs skitter faintly. x2
You open the spark wasp like a pillowcase!!!
You burn the spark wasp!
You kill the spark wasp!
Okawaru accepts your kill. Okawaru grants you armour!
Something appears at your feet!
You see here a +2 cloak of stealth.
A freezing mist starts to gather...
A spark wasp simulacrum comes into view.
The culicivora simulacrum is no longer moving slowly.
The culicivora is no longer moving slowly.
The wolf spider simulacrum is no longer moving slowly.
The torpor snail is no longer moving slowly.
The steelbarb worm is no longer moving slowly.
The jumping spider is no longer moving slowly. x2
The culicivora is struck by your spines.
The culicivora bites you but does no damage.
The culicivora simulacrum bites you! The culicivora simulacrum freezes you!!
* * * LOW HITPOINT WARNING * * *
The jumping spider leaps!
Your base Shields skill increases to level 7!
You slash the culicivora simulacrum!
You melt the culicivora simulacrum.
The culicivora simulacrum is severely damaged.
You block the culicivora's attack. The culicivora simulacrum bites you!
* * * LOW HITPOINT WARNING * * *
The culicivora simulacrum freezes you!
* * * LOW HITPOINT WARNING * * *
The wolf spider simulacrum is struck by your spines.
The wolf spider simulacrum hits you but does no damage.
The wolf spider simulacrum bites you.
* * * LOW HITPOINT WARNING * * *
The wolf spider simulacrum freezes you!!
You die...

###############
......s......^.
(......@Z.s.†..
.......ZZ.w.(.$
##........#..†.
###.....^# ...
#####..# . ..#
.## .#


You could see a torpor snail, a culicivora (soul bound), a jumping spider, a
wolf spider simulacrum, a spark wasp simulacrum and a culicivora simulacrum.

Vanquished Creatures
  Rupert (D:12)
  3 emperor scorpions
  A ghost moth (Spider:1)
  2 broodmothers
  Nessos (D:12)
  2 spark wasps
  Azrael (D:13)
  2 entropy weavers
  A fire dragon (D:13)
  2 boulder beetles
  Fannar (Lair:2)
  2 hydras (D:13)
  Erolcha (D:10)
  4 catoblepae
  A vault guard (D:13)
  3 centaur warriors (D:13)
  3 two-headed ogres
  10 death yaks
  4 skeletal warriors (D:13)
  6 pharaoh ants
  A fire crab (D:13)
  A sun moth (Spider:1)
  Lodul (D:12)
  5 steelbarb worms
  4 orb spiders
  5 spectral wolf spiders (Spider:1)
  6 wolf spider zombies (Spider:1)
  16 wolf spiders
  A cyclops (D:12)
  A deep elf pyromancer (D:13)
  2 ugly things
  5 elephants (Lair:4)
  4 manticores
  A moth of wrath (Spider:3)
  5 black mambas
  11 cane toads
  5 torpor snails
  Maggie (D:6)
  4 rime drakes
  2 unseen horrors
  4 kobold demonologists (D:11)
  15 komodo dragons
  9 demonic crawlers
  A tengu conjurer (D:12)
  4 trolls
  Prince Ribbit (D:9)
  A meliai (shapeshifter) (D:13)
  17 tarantellas
  A polar bear (Lair:4)
  2 wolf spider simulacra (Spider:1)
  17 blink frogs
  5 dream sheep (Lair:4)
  A snapping turtle (Lair:3)
  17 jumping spiders
  2 shadows
  2 vampires
  63 yaks
  17 culicivoras
  2 wraiths (D:12)
  2 fire elementals (D:13)
  5 wyverns
  4 basilisks
  Eustachio (D:5)
  4 vampire mosquitoes (D:13)
  36 redbacks
  2 steam dragons
  Menkaure (D:5)
  Edmund (D:6)
  2 acid dragons
  16 water moccasins
  2 hell hounds (D:13)
  5 orc warriors
  An ice beast (D:8)
  5 sky beasts
  2 black bears (D:6)
  5 centaurs
  7 ogres
  A wolf (D:10)
  2 phantoms (D:6)
  3 kobold brigands
  3 necrophages
  6 bullfrogs
  10 scorpions
  21 wights
  3 killer bees (D:10)
  3 electric eels
  A howler monkey (D:5)
  2 jellies (D:6)
  6 hounds
  7 orc priests
  A gnoll bouda (D:7)
  6 iguanas
  4 orc wizards
  4 hell rats
  Robin (D:3)
  11 gnolls
  13 adders
  3 shadow imps
  2 white imps
  An ufetubus (D:5)
  4 worms
  37 orcs
  11 endoplasms
  3 giant cockroaches
  16 goblins
  9 hobgoblins
  A jackal (D:4)
  27 kobolds
  2 quokkas
  5 ball pythons
  4 bats
  3 frilled lizards
  6 rats
656 creatures vanquished.

Vanquished Creatures (collateral kills)
  A spark wasp (Spider:4)
1 creature vanquished.

Vanquished Creatures (others)
  A torpor snail (Spider:4)
  A jumping spider (Spider:3)
  24 fungi
  37 plants
63 creatures vanquished.

Grand Total: 720 creatures vanquished

Notes
Turn   | Place    | Note
-------+----------+-------------------------------------------
     0 | D:1      | Kazon the Demonspawn Gladiator began the quest for the Orb.
     0 | D:1      | Reached XP level 1. HP: 16/16 MP: 1/1
    32 | D:1      | Identified a scroll of acquirement
    32 | D:1      | Acquired the +1 cloak of Magh {+Blink Regen+ Dex-3 SInv}
   232 | D:1      | Gained mutation: You are partially covered in sharp spines.
                  | [demonic ancestry]
   232 | D:1      | Reached XP level 2. HP: 22/22 MP: 2/2
   849 | D:2      | Gained mutation: You regenerate a little health from kills.
                  | [demonic ancestry]
   849 | D:2      | Reached XP level 3. HP: 27/27 MP: 3/3
  1155 | D:2      | Reached XP level 4. HP: 22/34 MP: 4/4
  1261 | D:3      | Found Umat's Antique Weapon Boutique.
  1288 | D:3      | Bought a crude falchion for 184 gold pieces
  1288 | D:3      | Identified the +3 falchion of Winter {venom, rCorr} (You
                  | bought it in a shop on level 3 of the Dungeon)
  1305 | D:3      | Reached skill level 1 in Evocations
  1401 | D:3      | Noticed Robin
  1421 | D:3      | Killed Robin
  1463 | D:3      | Reached skill level 1 in Armour
  1463 | D:3      | Reached XP level 5. HP: 37/39 MP: 5/5
  1676 | D:3      | Reached skill level 5 in Long Blades
  1676 | D:3      | Reached XP level 6. HP: 49/49 MP: 5/9
  2342 | D:4      | Gained mutation: You have sharp fingernails. [demonic
                  | ancestry]
  2342 | D:4      | Reached XP level 7. HP: 55/55 MP: 10/10
  2520 | D:4      | Found a hazy altar of Hepliaklqana.
  2789 | D:5      | Entered Level 5 of the Dungeon
  2991 | D:5      | Reached skill level 5 in Fighting
  3191 | D:5      | Gained mutation: You have very sharp fingernails. [demonic
                  | ancestry]
  3191 | D:5      | Reached XP level 8. HP: 62/62 MP: 11/11
  3208 | D:5      | Noticed Menkaure
  3222 | D:5      | Killed Menkaure
  3223 | D:5      | Reached skill level 5 in Dodging
  3295 | D:5      | Noticed Eustachio
  3339 | D:5      | Killed Eustachio
  3596 | D:6      | Noticed Edmund
  3626 | D:6      | Killed Edmund
  3676 | D:6      | Gained mutation: You are mostly covered in sharp spines.
                  | [demonic ancestry]
  3676 | D:6      | Reached XP level 9. HP: 51/68 MP: 12/12
  3712 | D:6      | Reached skill level 5 in Evocations
  4066 | D:7      | Found a hide-covered altar of Uskayaw.
  4075 | D:7      | Found a staircase to the Ecumenical Temple.
  4085 | Temple   | Entered the Ecumenical Temple
  4092 | Temple   | Became a worshipper of Warmaster Okawaru
  4316 | D:6      | Noticed Maggie
  4340 | D:6      | Killed Maggie
  4341 | D:6      | Reached skill level 5 in Invocations
  4404 | D:6      | Reached * piety under Okawaru
  4564 | D:7      | Gained mutation: You are partially covered in yellow
                  | scales. (AC +2) [demonic ancestry]
  4564 | D:7      | Reached XP level 10. HP: 77/77 MP: 13/13
  5123 | D:8      | Found Heidghoki's Jewellery Shop.
  5172 | D:8      | Found Quzidd's Magic Scroll Emporium.
  5185 | D:8      | Bought a scroll of teleportation for 42 gold pieces
  5395 | D:8      | Found Esumer's Weapon Shop.
  5680 | D:8      | Found Zoxtaeshakh's Jewellery Boutique.
  6161 | D:9      | Reached ** piety under Okawaru
  6230 | D:9      | Noticed a two-headed ogre
  6240 | D:9      | Killed a two-headed ogre
  6332 | D:9      | Noticed Prince Ribbit
  6350 | D:9      | Reached skill level 5 in Throwing
  6363 | D:9      | Killed Prince Ribbit
  6557 | D:10     | Entered Level 10 of the Dungeon
  6568 | D:10     | Noticed Erolcha
  6578 | D:10     | Killed Erolcha
  6578 | D:10     | Reached *** piety under Okawaru
  6602 | D:10     | Identified the +5 long sword of the Land of Plenty {drain,
                  | Dex+3}
  6607 | D:10     | Found Juagoaq's Book Shoppe.
  6647 | D:10     | Gained mutation: You are mostly covered in yellow scales.
                  | (AC +3) [demonic ancestry]
  6647 | D:10     | Reached XP level 11. HP: 84/84 MP: 16/16
  6790 | D:10     | Found a staircase to the Lair.
  7091 | D:10     | Reached **** piety under Okawaru
  7669 | D:11     | Noticed a green ugly thing
  7676 | D:11     | Killed a green ugly thing
  7710 | D:11     | Reached ***** piety under Okawaru
  7776 | D:11     | Noticed a soul eater
  8691 | Lair:1   | Entered Level 1 of the Lair of Beasts
  8701 | Lair:1   | Identified the +8 plate armour of Hide-and-Seek {rN+ MP+9
                  | Str-3 Int+4} (Okawaru gifted it to you on level 1 of the
                  | Lair of Beasts)
  8701 | Lair:1   | Received a gift from Okawaru
  8702 | Lair:1   | Reached XP level 12. HP: 91/93 MP: 18/18
  8837 | Lair:1   | Found the +2 Maxwell's thermic engine {flame, freeze}
  9555 | Lair:2   | Noticed a catoblepas
  9567 | Lair:2   | Noticed Fannar
  9584 | Lair:2   | Killed a catoblepas
  9592 | Lair:2   | Killed Fannar
  9664 | Lair:2   | Reached skill level 5 in Stealth
 10298 | Lair:3   | Noticed a death yak
 10298 | Lair:3   | Noticed a death yak
 10300 | Lair:3   | Identified the +1 pair of gloves of Ibuawux {rN+ Will+
                  | Str+4} (Okawaru gifted it to you on level 3 of the Lair of
                  | Beasts)
 10300 | Lair:3   | Received a gift from Okawaru
 10300 | Lair:3   | Noticed a death yak
 10301 | Lair:3   | Noticed a death yak
 10368 | Lair:3   | Found a hole to the Spider Nest.
 10572 | Lair:3   | Killed a death yak
 10573 | Lair:3   | Reached skill level 5 in Armour
 10573 | Lair:3   | Reached skill level 5 in Shields
 10584 | Lair:3   | Killed a death yak
 10585 | Lair:3   | Reached skill level 10 in Long Blades
 10594 | Lair:3   | Killed a death yak
 10598 | Lair:3   | Killed a death yak
 10599 | Lair:3   | Reached XP level 13. HP: 62/101 MP: 20/20
 10666 | Lair:3   | Found a staircase to the Shoals.
 10846 | Lair:3   | Found an ancient bone altar of Kikubaaqudgha.
 10856 | Lair:3   | Reached skill level 10 in Invocations
 11078 | Lair:4   | You fall into a shaft and drop 1 floor!
 11078 | Lair:5   | Entered Level 5 of the Lair of Beasts
 11272 | D:8      | Bought the amulet "Odemouw" {Contam rPois rF+++ Regen+
                  | Stlth+} for 734 gold pieces
 11652 | Lair:4   | Found a staircase to the Slime Pits.
 11652 | Lair:4   | Found a viscous altar of Jiyva.
 11887 | Lair:4   | Identified the +3 battleaxe "Adididghufym" {antimagic, rF+
                  | Will+}
 12076 | Lair:4   | Reached ****** piety under Okawaru
 12099 | Lair:5   | Identified the +8 great mace of Thoughtfulness {freeze,
                  | *Noise Will+ Str+3 Stlth+} (Okawaru gifted it to you on
                  | level 5 of the Lair of Beasts)
 12099 | Lair:5   | Received a gift from Okawaru
 12223 | Lair:5   | Reached skill level 10 in Fighting
 12778 | Lair:5   | Identified the +1 scale mail "Buscheash" {MP+9 Stlth+}
                  | (Okawaru gifted it to you on level 5 of the Lair of Beasts)
 12778 | Lair:5   | Received a gift from Okawaru
 13086 | Lair:5   | Gained mutation: You regenerate health from kills. [demonic
                  | ancestry]
 13086 | Lair:5   | Reached XP level 14. HP: 110/110 MP: 22/22
 13494 | D:12     | Noticed Lodul
 13508 | D:12     | Killed Lodul
 13586 | D:12     | Noticed Nessos
 13605 | D:12     | Killed Nessos
 13630 | D:12     | Found a staircase to the Orcish Mines.
 13835 | D:12     | Reached skill level 10 in Evocations
 14012 | D:12     | Noticed Rupert
 14024 | D:12     | Killed Rupert
 14196 | D:13     | Noticed Azrael
 14216 | D:13     | Killed Azrael
 14324 | D:13     | Identified the +1 pair of gloves "Miru" {rF+ Dex+3}
                  | (Okawaru gifted it to you on level 13 of the Dungeon)
 14324 | D:13     | Received a gift from Okawaru
 14388 | D:13     | Found Ituota Roil's Distillery.
 14391 | D:13     | Bought a potion of berserk rage for 95 gold pieces
 14866 | D:13     | Found a gate to the Vaults.
 15045 | Spider:1 | Entered Level 1 of the Spider Nest
 15227 | Spider:1 | Noticed a ghost moth
 15244 | Spider:1 | Killed a ghost moth
 15507 | Spider:1 | Acquired the +8 demon blade of the Ageing Genius {drain,
                  | rCorr}
 15579 | Spider:1 | Reached XP level 15. HP: 119/119 MP: 24/24
 15585 | Spider:1 | Identified the +5 plate armour "Boogojoj" {+Blink rCorr}
                  | (Okawaru gifted it to you on level 1 of the Spider Nest)
 15585 | Spider:1 | Received a gift from Okawaru
 16031 | Spider:1 | Noticed an emperor scorpion
 16038 | Spider:1 | Killed an emperor scorpion
 16718 | Spider:2 | Noticed an emperor scorpion
 16738 | Spider:2 | Killed an emperor scorpion
 16747 | Spider:2 | Identified the -1 helmet of Disaster {rPois rC+ Dex-3}
                  | (Okawaru gifted it to you on level 2 of the Spider Nest)
 16747 | Spider:2 | Received a gift from Okawaru
 17762 | Spider:3 | Noticed an emperor scorpion
 17777 | Spider:3 | Killed an emperor scorpion
 18335 | Spider:3 | Reached XP level 16. HP: 116/130 MP: 25/25
 18579 | Spider:4 | Entered Level 4 of the Spider Nest
 18594 | Spider:4 | Received a gift from Okawaru
 18595 | Spider:4 | Mangled by a wolf spider simulacrum

Illustrated notes

Levels and vault maps discovered:
D:1:      dpeg_arrival_three_smaller_balls, layout_basic
D:2:      layout_loops_ring
D:3:      layout_basic, serial_shops, nicolae_shop_stone, st_stairs_9,
          minmay_misc_feat_doors, eino_curves_03, uniq_robin
D:4:      minmay_wonky_spiral, layout_basic,
          mainiacjoe_overflow_surrounded_room, minivault_5
D:5:      layout_cave_pods, uniq_menkaure, uniq_eustachio
D:6:      cheibrodos_barr_body, layout_basic, minmay_crystal_room,
          minmay_pentangle, uniq_maggie, uniq_edmund
D:7:      layout_cave_pools, nicolae_uskayaw_murder_on_the_dancefloor,
          elyvilon_altar_4, minmay_temple_entry_purple_smoke
D:8:      layout_basic, serial_shops, shop_statue, kennysheep_little_box, shop,
          nicolae_shop_window_shopping
D:9:      layout_cave_pools, uniq_prince_ribbit1
D:10:     layout_stronghold, erik_lair_island, serial_shops,
          nicolae_shop_statue_plus, uniq_erolcha
D:11:     layout_roguey
D:12:     layout_loops_ring, orc_0_dummy, chequers_serial_rivers_marsh,
          uniq_lodul, uniq_nessos, uniq_rupert
D:13:     layout_gridville, david_vaults_5, serial_shops,
          nicolae_shop_behind_doors, minmay_fractal_squares_gapless_5,
          uniq_azrael
Temple:   nicolae_temple_bog_church
Lair:1:   layout_long_grid, fungi_pond_lemuel, cheibrodos_lair_reptile_den
Lair:2:   layout_gridlike, uniq_fannar
Lair:3:   layout_roguey, minmay_shoals_entry_hut,
          nicolae_spider_entry_non_spiders, basic_altar, serial_bayou_crossing
Lair:4:   layout_gridlike, slime_entry_1, serial_rivers,
          chequers_serial_rivers_room_a, chequers_serial_rivers_micro_c,
          chequers_serial_rivers_room_a, chequers_serial_rivers_micro_e,
          minivault_27, grunt_megastairs_3, infiniplex_staircase_pool_2
Lair:5:   evilmike_catoblepas_cave, layout_long_grid
Spider:1: layout_chambers, nicolae_spider_undead_wolf_pack
Spider:2: layout_cave_pods
Spider:3: layout_spider_delve
Spider:4: floodkiller_spider_rune_tomb, special_room [special_room_bee],
          uniq_mara

Skill      XL: |  1  2  3  4  5  6  7  8  9 10 11 12 13 14 15 16 |
---------------+-------------------------------------------------+-----
Long Blades    | 3 5 6 7 9 10 11 12 13 | 13.8
Dodging        | 3 4 5 6 |  6.6
Throwing       | 2 3 4 5 6 7 8 |  8.6
Evocations     | 1 3 4 5 6 7 8 9 10 | 10.9
Armour         | 1 3 4 5 6 7 |  7.8
Fighting       | 4 5 6 7 8 9 10 11 13 | 13.1
Short Blades   | 3 |  3.4
Stealth        | 3 4 5 |  5.4
Shields        | 3 4 5 6 7 |  7.0
Invocations    | 4 5 6 8 9 11 12 | 12.6

Action                   |  1- 3 |  4- 6 |  7- 9 | 10-12 | 13-15 | 16-18 || total
-------------------------+-------+-------+-------+-------+-------+-------++-------
Melee: Long sword        |    67 |       |       |   147 |       |       ||   214
       Punch             |     1 |     2 |     1 |       |       |       ||     4
       Dagger            |    11 |     9 |     1 |    44 |       |       ||    65
       Falchion          |       |    75 |   265 |   297 |     4 |       ||   641
       Double sword      |       |       |       |   166 |   616 |    25 ||   807
       Demon blade       |       |       |       |       |   394 |       ||   394
Throw: Stone             |     6 |    13 |    32 |    87 |       |       ||   138
       Dart              |       |       |       |    33 |   130 |     1 ||   164
       Throwing net      |       |       |       |     1 |       |       ||     1
       Boomerang         |       |       |       |    71 |    75 |     5 ||   151
       Javelin           |       |       |       |       |     2 |     1 ||     3
Invok: Heroism           |       |       |       |     4 |     7 |     1 ||    12
       Finesse           |       |       |       |     2 |     1 |       ||     3
Evoke: Wand              |       |       |     5 |     2 |    25 |       ||    32
       Phial of floods   |       |       |       |     1 |     1 |       ||     2
       Lightning rod     |       |       |       |       |     6 |       ||     6
  Use: Scroll            |     1 |       |     2 |    13 |     5 |     2 ||    23
       Potion            |       |     1 |     2 |       |       |       ||     3
 Stab: Sleeping          |       |       |     6 |     3 |       |       ||     9
       Paralysed         |       |       |       |     7 |     6 |       ||    13
       Petrified         |       |       |       |     3 |       |       ||     3
Armor: Leather armour    |    28 |    20 |    90 |    60 |       |       ||   198
       Troll leather arm |       |       |       |    48 |       |       ||    48
       Plate armour      |       |       |       |    61 |   785 |    32 ||   878
Dodge: Dodged            |    64 |    46 |   131 |   271 |   318 |    27 ||   857
Block: Buckler           |       |       |    40 |   125 |   376 |    17 ||   558
